 Dungeon Crawl Stone Soup version 0.31-a0-459-gc8a9bf3d51 (webtiles) character file.

Game seed: 10002287666166867028

2726 Ethylacetat the Martial Artist (level 8, -8/43 (46) HPs)
             Began as a Vine Stalker Monk on Aug 4, 2023.
             Was a Priest of Ru.
             Mangled by a yak (13 damage)
             ... on level 8 of the Dungeon.
             The game lasted 00:14:20 (4780 turns).

Ethylacetat the Martial Artist (Vine Stalker Monk)  Turns: 4780, Time: 00:14:21

HP:   -8/43 (46)    AC:  4    Str: 19    XL:     8   Next: 67%
MP:   0/16          EV: 15    Int: 10    God:    Ru [***...]
Gold: 613           SH:  0    Dex: 20    Spells: 17/17 levels left

rFire   + .          .
                       - Unarmed
rCold   + . .        c - orb {light}
rNeg    . . .        l - +2 robe {rC+ rF+}
rPois   .            (no helmet)
rElec   .            (no cloak)
rCorr   .            (no gloves)
SInv    .            (no boots)
Will    +....        (no amulet)
Stlth   +            u - ring of flight
HPRegen 1.07/turn    w - +6 ring of strength
MPRegen 0.15/turn

%: guardian spirit
@: exhausted, flying, glowing, drained, unable to drink
A: fangs 3, regeneration 1, magic shield, antimagic bite, no potion heal 2,
inability to drink after injury 2, inexperienced 1
a: Renounce Religion, Draw Out Power


You were on level 8 of the Dungeon.
You worshipped Ru.
Ru was most pleased with you.
You visited 1 branch of the dungeon, and saw 7 of its levels.
You also visited: Ossuary.

You collected 613 gold pieces.

Inventory:

Hand Weapons
 k - a +0 flail of protection
Missiles
 q - a throwing net
 z - 5 curare-tipped darts
Armour
 c - an orb of light (worn)
 l - a +2 robe of resistance (worn)
 n - a +3 leather armour of willpower
Jewellery
 p - a ring of willpower
 u - a ring of flight (left hand)
 w - a +6 ring of strength (right hand)
 y - an amulet of regeneration
Wands
 A - a wand of roots (8)
Scrolls
 a - a scroll of silence {unknown}
 d - a scroll of poison {unknown}
 e - 4 scrolls of teleportation {unknown}
 h - a scroll of fog {unknown}
 i - 3 scrolls of blinking {unknown}
 j - 5 scrolls of identify {unknown}
 o - 2 scrolls of immolation
 t - a scroll of amnesia {unknown}
 v - 3 scrolls of summoning {unknown}
 C - 3 scrolls of enchant weapon {unknown}
Potions
 b - a potion of ambrosia
 f - a potion of haste {unknown}
 g - 8 potions of curing {unknown}
 m - a potion of attraction {unknown}
 r - 3 potions of heal wounds {unknown}
 s - 2 potions of degeneration {unknown}
 x - 2 potions of mutation {unknown}
 B - a potion of lignification {unknown}
 D - a potion of enlightenment {unknown}


   Skills:
 + Level 7.4 Fighting
 - Level 5.0 Dodging
 + Level 8.1 Unarmed Combat
 + Level 5.0 Spellcasting


You had 17 spell levels left.
You didn't know any spells.
Your spell library contained the following spells:

 Spells                   Type           Power      Damage    Failure   Level
 Foxfire                  Conj/Fire      8%         2x1d4     22%         1
 Magic Dart               Conj           8%         1d3       22%         1
 Sting                    Tmut/Pois      8%         1d3       22%         1
 Call Imp                 Summ           4%         N/A       34%         2
 Poisonous Vapours        Pois/Air       4%         N/A       34%         2
 Mephitic Cloud           Conj/Pois/Air  2%         N/A       56%         3
 Olgreb's Toxic Radiance  Pois           2%         N/A       92%         4
 Plasma Beam              Fire/Air       1%         2x1d11    100%        6
 Simulacrum               Ice/Necr       1%         N/A       100%        6
 Starburst                Conj/Fire      1%         6d3       100%        6
 Ozocubu's Refrigeration  Ice            1%         4d7       100%        7
 Polar Vortex             Ice            1%         N/A       100%        9


Dungeon Overview and Level Annotations

Branches:
Dungeon (8/15)             Temple (0/1) D:5         Ossuary (visited)
   Lair: D:8-11

Altars:
Fedhas
Qazlal
Ru

Annotations:
D:3 3 runed translucent doors


Innate Abilities, Weirdness & Mutations

You have razor-sharp teeth.
Your natural rate of healing is unusually fast.
When hurt, damage is shared between your health and your magic reserves.
Your bite disrupts and absorbs the magic of your enemies.
Potions cannot restore your health.
You sometimes lose the ability to drink potions when taking damage.
You are somewhat inexperienced. (-1 XL)


Message History

The yak is lightly wounded.
The yak barely misses you.
A yak comes into view.
You hit the yak. You bite the yak! You drain its power.
You feel invigorated.
The yak is heavily wounded.
The yak gores you!
You barely miss the yak. Your bite misses the yak.
The yak is heavily wounded.
The yak gores you! The yak attacks as you move away! The yak misses you.
The yak attacks as you move away! The yak gores you!
The yak attacks as you move away! The yak gores you!
* * * LOW HITPOINT WARNING * * *
You hit the yak but do no damage. The yak gores you!
* * * LOW HITPOINT WARNING * * *
You are restored by drawing out deep reserves of power within.
You feel drained.
You punch the yak! You bite the yak. You drain its power.
You feel invigorated.
The yak is severely wounded.
The yak barely misses you. The yak misses you.
You hit the yak. Your bite misses the yak.
The yak is severely wounded.
The yak gores you! The yak gores you but does no damage. The yak gores you!
* * * LOW HITPOINT WARNING * * *
You hit the yak but do no damage. You bite the yak. You drain its power.
You feel invigorated.
The yak is severely wounded.
The yak barely misses you. The yak gores you!
* * * LOW HITPOINT WARNING * * *
The yak barely misses you.
You punch the yak!
The yak is almost dead.
The yak gores you.
* * * LOW HITPOINT WARNING * * *
The yak barely misses you. The yak gores you.
You cannot drink potions in your current state!
As you read the scroll labelled FIAGHIPOHI, it crumbles to dust.
The creatures around you are filled with an inner flame!
It was a scroll of immolation.
The yak gores you!
You die...

..###..........#
........†......####
.##.......).......##
....#..............#
.............))..###
....oY..........##.######
...###..#.....).#...##..#
.. #..#Y###...##......#
#...Y@.............#
#...Y.............##
#.....####.......##
....##.## #.......#####
.... ##. #............##
...# ........#....#.#.
..# #....#..##.......
#....##..##......
....#....


You could see 3 yaks.

Vanquished Creatures
  Sigmund (D:2)
  A wyvern (D:7)
  2 steam dragons
  A water moccasin (D:8)
  Duvessa (D:7)
  An orc warrior (D:8)
  An ice beast (D:6)
  2 black bears (D:7)
  An ogre (D:5)
  2 centaurs
  A kobold brigand (D:7)
  A bullfrog (D:7)
  A gnoll sergeant (D:5)
  A scorpion (D:6)
  An elf skeleton (D:8)
  Dowan (D:7)
  5 howler monkeys
  3 hounds
  2 gnoll boudas
  An orc priest (D:6)
  4 iguanas
  Ijyb (D:3)
  A sleepcap (D:5)
  5 orc wizards
  A human skeleton (D:8)
  8 mummies (Ossuary)
  3 adders
  9 gnolls
  A shadow imp (D:7)
  A white imp (D:6)
  An ufetubus (D:5)
  2 dart slugs (D:2)
  19 orcs
  A ball python (D:1)
  2 bats
  9 endoplasms
  4 giant cockroaches
  A gnoll zombie (Ossuary)
  2 goblins
  3 hobgoblins
  A quokka (D:2)
  2 frilled lizards
  5 hobgoblin zombies (Ossuary)
  11 kobolds
  A kobold zombie (Ossuary)
  4 orc skeletons (D:8)
  An orc zombie (Ossuary)
  6 rats
139 creatures vanquished.

Vanquished Creatures (others)
  An orc (D:8)
1 creature vanquished.

Grand Total: 140 creatures vanquished

Notes
Turn   | Place    | Note
-------+----------+-------------------------------------------
     0 | D:1      | Ethylacetat the Vine Stalker Monk began the quest for the
                  | Orb.
     0 | D:1      | Reached XP level 1. HP: 11/11 MP: 2/2
   117 | D:1      | Reached XP level 2. HP: 7/16 MP: 3/3
   946 | D:2      | Reached XP level 3. HP: 17/20 MP: 4/4
  1072 | D:2      | Noticed Sigmund
  1101 | D:2      | Killed Sigmund
  1102 | D:2      | Reached skill level 4 in Unarmed Combat
  1102 | D:2      | Gained mutation: Your natural rate of healing is unusually
                  | fast. [Vine Stalker growth]
  1102 | D:2      | Reached XP level 4. HP: 8/25 MP: 3/5
  1102 | D:2      | Reached XP level 5. HP: 9/29 MP: 3/6
  1232 | D:2      | Found a faded altar of an unknown god.
  1246 | D:2      | Prayed at the altar of an unknown god.
  1246 | D:2      | Became a worshipper of Ru the Awakened
  1248 | D:2      | Gained mutation: You occasionally lose the ability to drink
                  | potions when taking damage. [Ru sacrifice]
  1248 | D:2      | Gained mutation: You sometimes lose the ability to drink
                  | potions when taking damage. [Ru sacrifice]
  1248 | D:2      | Reached * piety under Ru
  1673 | D:3      | Reached XP level 6. HP: 26/33 MP: 4/7
  1694 | D:3      | Found a stormy altar of Qazlal.
  1732 | D:3      | Noticed Ijyb
  1746 | D:3      | Killed Ijyb
  1904 | D:3      | Found a runed translucent gate.
  1905 | D:3      | Found a runed translucent gate.
  1905 | D:3      | Found a runed translucent gate.
  1907 | D:3      | You fall into a shaft and drop 2 floors!
  1907 | D:5      | Entered Level 5 of the Dungeon
  2068 | D:5      | Reached skill level 5 in Unarmed Combat
  2106 | D:5      | Reached XP level 7. HP: 36/38 MP: 6/8
  2474 | D:5      | Found a staircase to the Ecumenical Temple.
  2685 | D:5      | Reached skill level 5 in Fighting
  2946 | D:6      | Gained mutation: You have razor-sharp teeth. [Vine Stalker
                  | growth]
  2946 | D:6      | Reached XP level 8. HP: 36/43 MP: 5/9
  3030 | D:6      | Reached skill level 5 in Dodging
  3030 | D:6      | Reached skill level 6 in Unarmed Combat
  3095 | D:6      | Reached skill level 1 in Spellcasting
  3119 | D:6      | Found a blossoming altar of Fedhas.
  3275 | D:6      | Gained mutation: You are somewhat inexperienced. (-1 XL)
                  | [Ru sacrifice]
  3275 | D:6      | Reached XP level 7. HP: 39/39 MP: 10/10
  3275 | D:6      | Reached ** piety under Ru
  3275 | D:6      | Reached *** piety under Ru
  3630 | D:7      | Noticed Duvessa
  3630 | D:7      | Noticed Dowan
  3631 | D:7      | Noticed a wyvern
  3645 | D:7      | Killed Duvessa
  3651 | D:7      | Killed a wyvern
  3652 | D:7      | Reached skill level 7 in Unarmed Combat
  3657 | D:7      | Reached XP level 8. HP: 10/45 MP: 3/14
  3659 | D:7      | Killed Dowan
  4467 | D:8      | Found a sand-covered staircase.
  4492 | Ossuary  | Entered an ossuary
  4755 | D:8      | Reached skill level 8 in Unarmed Combat
  4765 | D:8      | Reached skill level 5 in Spellcasting
  4780 | D:8      | Mangled by a yak

Illustrated notes

Levels and vault maps discovered:
D:1:      reono_arrival_mine, layout_basic
D:2:      layout_loops_ring, chequers_ecumenical_altar_lobes,
          minmay_hexomino_u4, uniq_sigmund
D:3:      layout_loops_cross, grunt_temple_overflow_order_and_chaos_2,
          mainiacjoe_overflow_small_starburst, nicolae_qazlal_general_emergency,
          ebering_ghost_rock_garden, uniq_ijyb, uniq_crazy_yiuf_cottage,
          uniq_robin
D:5:      layout_loops_ring, minmay_temple_entry_fiery,
          minmay_misc_feat_nine_boxes
D:6:      layout_rooms, fedhas_bush_and_centaur_altar, serial_co_window_serial,
          co_window_paths_a, co_window_paths_a, co_window_paths_a,
          co_window_paths_a, co_window_paths_a, co_window_2corner,
          co_window_corner_b, co_window_of_opportunity_b, co_window_broadway_c,
          co_window_4corner_a, glass_columns_b, nicolae_grassy_gnolls
D:7:      layout_basic, chequers_jeans, bh_walls_and_bars, uniq_duvessa
D:8:      layout_cave_pools, serial_shops, nicolae_stop_n_shop_1,
          nicolae_ossuary_entry_catacombs, kennysheep_island_fort,
          uniq_prince_ribbit1

Skill      XL: |  1  2  3  4  5  6  7  8 |
---------------+-------------------------+-----
Fighting       | 3 4 6 7 |  7.4
Dodging        | 3 4 5 |  5.0
Unarmed Combat | 4 5 7 8 |  8.1
Spellcasting   | 3 5 |  5.0

Action                     |  1- 3 |  4- 6 |  7- 9 || total
---------------------------+-------+-------+-------++-------
  Melee: Unarmed           |    79 |    98 |   224 ||   401
         Bite              |    22 |    42 |    94 ||   158
 Invoke: Sacrifice Drink   |       |     1 |       ||     1
         Sacrifice Experie |       |       |     1 ||     1
         Draw Out Power    |       |       |     2 ||     2
  Evoke: Wand              |       |       |    18 ||    18
    Use: Scroll            |       |       |     1 ||     1
   Stab: Invisible         |       |       |     6 ||     6
 Armour: Robe              |     4 |    14 |    25 ||    43
         Ring mail         |    15 |       |       ||    15
  Dodge: Dodged            |    35 |    54 |   158 ||   247

Table legend: (Time is in decaauts)
 A = Elapsed time spent in this place.
 B = Non-inter-level travel time spent in this place.
 C = Inter-level travel time spent in this place.
 D = Time resting spent in this place.
 E = Time spent auto-exploring this place.
 F = Levels seen in this place.
 G = Mean time per level.
                   A        B        C        D        E       F      G
               +--------+--------+--------+--------+--------+-----+--------+
         Total |   4734 |   4657 |     77 |     16 |   3674 |   8 |  591.8 |
       Dungeon |   4541 |   4464 |     77 |     16 |   3559 |   7 |  648.7 |
       Ossuary |    192 |    192 |      0 |      0 |    115 |   1 |  192.0 |
               +--------+--------+--------+--------+--------+-----+--------+

Top non-repeatable levels by time:
     D:7: 857 daAuts
     D:1: 855 daAuts
     D:5: 826 daAuts
     D:2: 781 daAuts
     D:6: 733 daAuts
     D:3: 258 daAuts
     D:8: 227 daAuts
 Ossuary: 192 daAuts
